 Dungeon Crawl Stone Soup version 0.32-a0-12-g7fc57aa741 (webtiles) character file.

Game seed: 15499197871011826969

4416 Ivernyr the Blocker (level 10, -1/81 HPs)
             Began as a Formicid Fighter on Jan 14, 2024.
             Was a Priest of Okawaru.
             Slain by a white ugly thing (19 damage)
             ... on level 11 of the Dungeon.
             The game lasted 00:22:57 (9724 turns).

Ivernyr the Blocker (Formicid Fighter)              Turns: 9724, Time: 00:22:57

Health: -1/81      AC:  9    Str: 24    XL:     10   Next: 62%
Magic:  12/14      EV: 12    Int:  9    God:    Okawaru [***...]
Gold:   609        SH: 13    Dex: 13    Spells: 9/9 levels left

rFire   . . .        a - +0 quarterstaff
rCold   . . .        c - +0 buckler
rNeg    . . .        b - +0 scale mail
rPois   .            (helmet unavailable)
rElec   .            (no cloak)
rCorr   .            (no gloves)
SInv    +            (no boots)
Will    +....        m - amulet of reflection
Stlth   +            (no ring)
HPRegen 0.33/turn    (no ring)
MPRegen 0.14/turn

%: reflection
@: heroic
A: permanent stasis, dig shafts and tunnels, antennae 3, four strong arms
a: Dig, Shaft Self, Renounce Religion, Heroism


You were on level 11 of the Dungeon.
You worshipped Okawaru.
Okawaru was most pleased with you.
You visited 2 branches of the dungeon, and saw 12 of its levels.
You also visited: Ossuary.

You collected 633 gold pieces.
You spent 24 gold pieces at shops.

Inventory:

Hand Weapons
 a - a +0 quarterstaff (weapon)
Armour
 b - a +0 scale mail (worn)
 c - a +0 buckler (worn)
Jewellery
 m - an amulet of reflection (around neck)
Wands
 u - a wand of polymorph (12)
 E - a wand of iceblast (11)
 F - a wand of paralysis (5)
 G - a wand of digging (5)
Scrolls
 f - a scroll of fear
 g - a scroll of enchant armour
 k - 4 scrolls of revelation {unknown}
 n - 2 scrolls of noise {unknown}
 o - 4 scrolls of teleportation {unknown}
 r - 2 scrolls of blinking {unknown}
 t - a scroll of silence {unknown}
 x - a scroll of fog {unknown}
 y - 2 scrolls of identify
 z - a scroll of vulnerability
 A - a scroll of amnesia {unknown}
 B - a scroll of brand weapon {unknown}
 C - a scroll of immolation
Potions
 d - 2 potions of might
 e - 3 potions of ambrosia {unknown}
 h - a potion of attraction {unknown}
 i - 6 potions of heal wounds {unknown}
 j - 6 potions of curing {unknown}
 l - 2 potions of lignification {unknown}
 p - 2 potions of mutation {unknown}
 q - 3 potions of resistance {unknown}
 s - a potion of enlightenment {unknown}
 v - 2 potions of haste {unknown}
 w - a potion of brilliance {unknown}
 D - a potion of degeneration {unknown}


   Skills:
 + Level 8.3(13.3) Fighting
 + Level 7.1(12.1) Staves
 + Level 8.2(13.2) Armour
 + Level 9.9(14.9) Shields
 + Level 6.3 Invocations


You had 9 spell levels left.
You didn't know any spells.
Your spell library contained the following spells:

 Spells                   Type           Power      Damage    Failure   Level
 Cigotuvi's Dreadful Rot  Necr/Alch/Air  0%         N/A       78%         2
 Ignite Poison            Fire/Alch      0%         N/A       100%        4
 Passage of Golubria      Tloc           0%         N/A       100%        4
 Freezing Cloud           Conj/Ice/Air   0%         6-21      100%        5
 Silence                  Hex/Air        0%         N/A       100%        5
 Lehudib's Crystal Spear  Conj/Erth      0%         10d2      100%        8


Dungeon Overview and Level Annotations

Branches:
Dungeon (10/15)            Temple (1/1) D:4            Lair (0/5) D:10
Ossuary (visited)
    Orc: D:9-12

Altars:
Ashenzari
Cheibriados
Dithmenos
Elyvilon
Fedhas
Gozag
Hepliaklqana
Kikubaaqudgha
Makhleb
Nemelex Xobeh
Okawaru
Ru
Sif Muna
Trog
Uskayaw
Vehumet
Wu Jian
Xom
Yredelemnul
Zin
The Shining One

Shops:
D:1 =   D:4 ?

Annotations:
D:3 1 runed translucent door
D:9 Joseph, Maurice
Temple 2 transporters


Innate Abilities, Weirdness & Mutations

You cannot be hasted, slowed, berserked, paralysed or teleported.
You can dig through walls and to a lower floor.
You have a pair of large antennae on your head. (SInv)
Your four strong arms can wield two-handed weapons with a shield.


Message History

You start resting.
HP restored.
Found a short sword.
You sense a monster nearby.
A white ugly thing comes into view.
The white ugly thing gurgles horribly!
You completely miss the white ugly thing.
You block the white ugly thing's attack.
You closely miss the white ugly thing. The white ugly thing engulfs you.
The white ugly thing freezes you!!
You hit the white ugly thing.
The white ugly thing is lightly wounded.
The white ugly thing barely misses you.
You hit the white ugly thing.
The white ugly thing is lightly wounded.
The white ugly thing engulfs you but does no damage.
You thump the white ugly thing!
The white ugly thing is lightly wounded.
The white ugly thing engulfs you but does no damage.
You sock the white ugly thing!
The white ugly thing is moderately wounded.
The white ugly thing engulfs you. The white ugly thing freezes you!!
* * * LOW HITPOINT WARNING * * *
The white ugly thing attacks as it pursues you!
You block the white ugly thing's attack.
You gain the combat prowess of a mighty hero.
You can no longer speed up your combat.
You block the white ugly thing's attack.
Okay, then.
You hit the white ugly thing.
The white ugly thing is moderately wounded.
The white ugly thing completely misses you.
You barely miss the white ugly thing.
The white ugly thing is moderately wounded.
You closely miss the white ugly thing.
The white ugly thing is moderately wounded.
The white ugly thing engulfs you.
* * * LOW HITPOINT WARNING * * *
The white ugly thing freezes you!!
You die...

.# ###### ..# .....
...#. #.#... .....
#.....###..... .#.#
#u...# . .#.# #@...##..
.#.# #........ .#.#
##........ .#.#
#......... .#.#
#....#...#
...############.........
........................
.#..#.)..#...#..#..#..##
........................


You could see a white ugly thing.

Vanquished Creatures
  An unseen horror (D:10)
  Grinder (D:4)
  Prince Ribbit (D:7)
  A shadow (D:11)
  The ghost of ohados the Sneak, an amateur VSBr (D:5)
  A wyvern (D:7)
  2 vampire mosquitoes (D:10)
  Edmund (D:4)
  2 water moccasins
  Pargi (D:4)
  An orc warrior (D:8)
  A sky beast (D:6)
  An ogre (D:4)
  A centaur (D:7)
  The ghost of burgermaster696 the Firebug, an amateur DsFE (D:3)
  A phantom (D:3)
  4 bullfrogs
  2 gnoll sergeants
  2 scorpions
  5 wights
  4 howler monkeys
  A bombardier beetle (D:6)
  2 gnoll boudas
  A jelly (D:4)
  5 hounds
  2 orc priests
  4 sleepcaps
  9 orc wizards
  8 mummies (Ossuary)
  10 adders
  18 gnolls
  A river rat (D:3)
  3 white imps
  5 ribbon worms
  2 dart slugs
  23 orcs
  5 bats
  10 endoplasms
  6 giant cockroaches
  10 hobgoblins
  7 kobolds
  7 quokkas
  8 ball pythons
  3 frilled lizards
  2 gnoll zombies (Ossuary)
  3 goblins
  A hobgoblin zombie (Ossuary)
  4 kobold zombies (Ossuary)
  An orc zombie (Ossuary)
  7 rats
203 creatures vanquished.

Vanquished Creatures (others)
  An orc (D:8)
1 creature vanquished.

Grand Total: 204 creatures vanquished

Notes
Turn   | Place    | Note
-------+----------+-------------------------------------------
     0 | D:1      | Ivernyr the Formicid Fighter began the quest for the Orb.
     0 | D:1      | Reached XP level 1. HP: 18/18 MP: 1/1
   268 | D:1      | Found Kaibuh's Jewellery Emporium.
   282 | D:1      | Reached XP level 2. HP: 23/24 MP: 2/2
   510 | D:1      | Reached XP level 3. HP: 25/29 MP: 3/3
  1180 | D:2      | Reached XP level 4. HP: 33/37 MP: 4/4
  1632 | D:3      | Noticed a phantom
  1652 | D:3      | Killed a phantom
  1653 | D:3      | Reached skill level 5 in Shields
  1653 | D:3      | Reached XP level 5. HP: 24/42 MP: 5/5
  1868 | D:3      | Found a runed translucent door.
  1868 | D:3      | Noticed a bullfrog
  1873 | D:3      | Noticed burgermaster696's ghost (amateur DsFE)
  1885 | D:3      | Killed a bullfrog
  1886 | D:3      | Reached XP level 6. HP: 35/49 MP: 6/6
  1893 | D:3      | Killed burgermaster696's ghost
  1912 | D:3      | Found a runed translucent door.
  2186 | D:3      | Reached XP level 7. HP: 54/55 MP: 7/7
  2191 | D:3      | Reached skill level 6 in Shields
  2194 | D:3      | Reached skill level 5 in Fighting
  2199 | D:3      | Reached skill level 5 in Armour
  2720 | D:3      | Found a faded altar of an unknown god.
  2868 | D:4      | Noticed Edmund
  2902 | D:4      | Killed Edmund
  3056 | D:4      | Found Gummari's Magic Scroll Shop.
  3059 | D:4      | Bought a scroll of identify for 24 gold pieces
  3325 | D:4      | Found an ancient bone altar of Kikubaaqudgha.
  3325 | D:4      | Found a shimmering blue altar of Sif Muna.
  3352 | D:4      | Noticed Grinder
  3370 | D:4      | Killed Grinder
  3371 | D:4      | Reached XP level 8. HP: 44/64 MP: 8/8
  3515 | D:4      | Found a staircase to the Ecumenical Temple.
  3527 | Temple   | Found a transporter.
  3527 | Temple   | Found a transporter.
  3527 | Temple   | Found a transporter.
  3527 | Temple   | Found a transporter.
  3527 | Temple   | Entered the Ecumenical Temple
  3541 | Temple   | Became a worshipper of Warmaster Okawaru
  3631 | D:4      | Reached skill level 7 in Shields
  3631 | D:4      | Reached skill level 1 in Invocations
  4064 | D:4      | Noticed Pargi
  4082 | D:4      | Killed Pargi
  4282 | D:5      | Entered Level 5 of the Dungeon
  4341 | D:5      | Found a runed translucent door.
  4344 | D:5      | Noticed ohados's ghost (amateur VSBr)
  4393 | D:5      | Killed ohados's ghost
  4394 | D:5      | Reached skill level 5 in Staves
  4410 | D:5      | Reached * piety under Okawaru
  4414 | D:5      | Identified the +1 plate armour of Distant Shores {+Blink
                  | rPois Str-4 Int+7}
  4709 | D:5      | Found a sand-covered staircase.
  4717 | Ossuary  | Entered an ossuary
  4748 | Ossuary  | Reached XP level 9. HP: 50/71 MP: 11/11
  5307 | D:5      | Reached skill level 8 in Shields
  5584 | D:5      | You fall into a shaft and drop 1 floor!
  6504 | D:6      | Reached ** piety under Okawaru
  7606 | D:7      | Noticed Prince Ribbit
  7610 | D:7      | Reached skill level 5 in Invocations
  7626 | D:7      | Killed Prince Ribbit
  7627 | D:7      | Reached skill level 9 in Shields
  7627 | D:7      | Reached XP level 10. HP: 50/79 MP: 11/13
  8001 | D:7      | Reached *** piety under Okawaru
  8016 | D:7      | You fall into a shaft and drop 1 floor!
  8916 | D:8      | You fall into a shaft and drop 2 floors!
  8916 | D:10     | Entered Level 10 of the Dungeon
  9128 | D:10     | Found a staircase to the Lair.
  9311 | D:10     | Noticed an unseen horror
  9320 | D:10     | Killed an unseen horror
  9395 | D:9      | Noticed Joseph
  9395 | D:9      | Noticed a brown ugly thing
  9397 | D:9      | Noticed Maurice
  9404 | D:9      | You fall into a shaft and drop 2 floors!
  9605 | D:11     | Reached **** piety under Okawaru
  9710 | D:11     | Noticed a white ugly thing
  9724 | D:11     | Slain by a white ugly thing

Illustrated notes

Levels and vault maps discovered:
D:1:      wander_arrival_abandoned_jail, layout_loops_corners, serial_shops,
          shop_fountains
D:2:      layout_basic, minmay_pentomino_z2
D:3:      kb_forest_paths, layout_loops_ring,
          shapermc_ecumenical_altar_mp_urbaneastern, ebering_ghost_sewer_f
D:4:      layout_loops_corners, chequers_temple_overflow_statue_of_worship,
          temple_green, serial_shops, nicolae_shop_real_fake_doors,
          dreamdust_princess_bridge, uniq_edmund, uniq_pargi, uniq_grinder
D:5:      layout_loops_ring, enter_ossuary_3, ebering_ghost_inner_flame
D:6:      layout_gridville, chequers_serial_rivers_micro_b,
          chequers_serial_rivers_small_3, corexii_hall_statues_t,
          serial_bayou_crossing
D:7:      layout_basic, minmay_fractal_squares_diagonal_5, uniq_prince_ribbit1
D:8:      layout_loops_ring, minmay_misc_feat_tower, minmay_shop_damaged,
          uniq_maggie
D:9:      layout_basic, mainiacjoe_overflow_24_doors, orc_david_3,
          palyth_stone_intersect, bh_walls_and_bars, uniq_maurice, uniq_joseph
D:10:     layout_irregular_city, lair_entry_dummy
D:11:     minmay_bloctagon_deflated, layout_stronghold,
          nicolae_sif_muna_condensation
Temple:   hellmonk_temple_divided_pantheon

Skill      XL: |  1  2  3  4  5  6  7  8  9 10 |
---------------+-------------------------------+-----
Fighting       | 4 5 6 7 8 |  8.3
Staves         | 3 4 5 6 7 |  7.1
Armour         | 4 5 6 7 8 |  8.2
Shields        | 5 6 7 9 |  9.9
Invocations    | 2 5 6 |  6.3

Action                     |  1- 3 |  4- 6 |  7- 9 | 10-12 || total
---------------------------+-------+-------+-------+-------++-------
  Melee: Quarterstaff      |    80 |   124 |   545 |   179 ||   928
 Invoke: Heroism           |       |       |     1 |     1 ||     2
Ability: Shaft Self        |       |       |     1 |     3 ||     4
         Dig               |       |       |     1 |       ||     1
    Use: Potion            |       |     1 |     1 |       ||     2
         Scroll            |       |       |     4 |       ||     4
 Armour: Scale mail        |    51 |    69 |   272 |    98 ||   490
  Dodge: Dodged            |    34 |    52 |   164 |    50 ||   300
  Block: Buckler           |    17 |    33 |   234 |    85 ||   369

Table legend: (Time is in decaauts)
 A = Elapsed time spent in this place.
 B = Non-inter-level travel time spent in this place.
 C = Inter-level travel time spent in this place.
 D = Time resting spent in this place.
 E = Time spent auto-exploring this place.
 F = Levels seen in this place.
 G = Mean time per level.
                   A        B        C        D        E       F      G
               +--------+--------+--------+--------+--------+-----+--------+
         Total |   9812 |   9636 |    176 |   2307 |   5167 |  13 |  754.8 |
       Dungeon |   9422 |   9246 |    176 |   2235 |   5047 |  11 |  856.5 |
        Temple |     28 |     28 |      0 |      0 |      0 |   1 |   28.0 |
       Ossuary |    361 |    361 |      0 |     72 |    120 |   1 |  361.0 |
               +--------+--------+--------+--------+--------+-----+--------+

Top non-repeatable levels by time:
     D:6: 1653 daAuts
     D:4: 1548 daAuts
     D:3: 1278 daAuts
     D:5: 1096 daAuts
     D:1: 1012 daAuts
     D:7: 868 daAuts
     D:2: 624 daAuts
     D:8: 534 daAuts
    D:10: 477 daAuts
 Ossuary: 361 daAuts
    D:11: 318 daAuts
  Temple: 28 daAuts
     D:9: 8 daAuts
